 Dungeon Crawl Stone Soup version 0.30-a0-364-gf6b3ef1049 (webtiles) character file.

Game seed: 10822937022969358276

50 Nerdsrcool the Magician (level 4, 0/31 HPs)
             Began as a Djinni Conjurer on Nov 14, 2022.
             Slain by Crazy Yiuf
             ... wielding a +4 quarterstaff of chaos
              (11 damage)
             ... on level 2 of the Dungeon.
             The game lasted 00:04:11 (1552 turns).

Nerdsrcool the Magician (Djinni Conjurer)           Turns: 1552, Time: 00:04:12

Health: 0/31       AC:  2    Str:  8    XL:     4   Next: 4%
Gold:   98         EV: 11    Int: 19    God:
                   SH:  8    Dex: 12

rFire   + + .      SeeInvis .    b - +0 hand axe (drain)
rCold   x . .      Faith    .    g - +0 buckler
rNeg    . . .      Spirit   .    a - +0 robe
rPois   ∞          Reflect  +    (no helmet)
rElec   .          Harm     .    (no cloak)
rCorr   .          Rampage  .    (no gloves)
Will    .....                    (boots unavailable)
Stlth   ++........               i - amulet of reflection
HPRegen 0.25/turn                n - +4 ring of slaying
MPRegen 0.00/turn                (no ring)

@: flying
A: sickness immunity, fire resistance 2, cold vulnerability 1, float, innate
caster, HP casting, extra vitality 1
a: no special abilities


You were on level 2 of the Dungeon.
You visited 1 branch of the dungeon, and saw 2 of its levels.

You collected 98 gold pieces.

Inventory:

Hand Weapons
 b - a +0 hand axe of draining (weapon)
Missiles
 f - 4 boomerangs
Armour
 a - a +0 robe (worn)
 g - a +0 buckler (worn)
Jewellery
 i - an amulet of reflection (around neck)
 n - a +4 ring of slaying (left hand)
Scrolls
 c - 3 scrolls of amnesia {unknown}
 e - a scroll of teleportation {unknown}
 h - 4 scrolls of noise {unknown}
 l - a scroll of vulnerability {unknown}
 m - 2 scrolls of identify {unknown}
Potions
 d - a potion of lignification {unknown}
 j - a potion of brilliance {unknown}
 k - a potion of invisibility {unknown}


   Skills:
 + Level 2.3 Dodging
 + Level 1.6 Stealth
 + Level 4.1 Spellcasting


You couldn't memorise any spells.
You knew the following spells:

 Your Spells              Type           Power      Damage    Failure   Level
a - Magic Dart            Conj           76%        1d6       3%          1
b - Searing Ray           Conj           38%        2d5       4%          2
c - Dazzling Flash        Conj/Hex       38%        N/A       10%         3
d - Fulminant Prism       Conj/Hex       9%         3d7       32%         4
e - Iskenderun's Mystic   Conj/Tloc      19%        2d6       32%         4
f - Summon Small Mammal   Summ           76%        N/A       3%          1
Your spell library was empty.

Dungeon Overview and Level Annotations

Branches:
Dungeon (2/15)

Altars:

Annotations:
D:2 Crazy Yiuf


Innate Abilities, Weirdness & Mutations

You are immune to sickness and miasma.
You are immune to poison.
Your flesh is very heat resistant. (rF++)
You are vulnerable to cold. (rC-)
You float through the air rather than walking.
You learn spells naturally, not from books.
Your magical power is your life essence.
You have superior vitality. (+4 MHP)


Message History

l - a scroll labelled ZORYIFR WIQOXT
There is a shaft here.
m - a scroll labelled WUONOYR ORHEONK You see here a +0 hammer.
Found a hammer.
Found a runed translucent door.
Crazy Yiuf shouts!
There is a stone staircase leading down here.
You now have 98 gold pieces (gained 14).
There is a stone staircase leading down here.
An adder comes into view.
Found a knobbly glass ring.
Found an escape hatch in the ceiling.
The adder hisses angrily.
The magic dart hits the adder but does no damage.
The magic dart hits the adder.
The adder is heavily wounded.
The magic dart hits the adder.
The adder is severely wounded.
The adder closely misses you.
The magic dart hits the adder.
You kill the adder!
You have reached level 4!
You feel agile.
n - a +4 ring of slaying
n - a +4 ring of slaying (left hand)
There is an escape hatch in the ceiling here.
m - 2 scrolls labelled WUONOYR ORHEONK (gained 1)
There is a stone staircase leading up here.
There is a stone staircase leading up here.
There is a stone staircase leading down here.
Could not explore, unopened runed door.
Could not explore, unopened runed door.
You reach down and open the door.
Crazy Yiuf shouts!
The magic dart hits Crazy Yiuf but does no damage.
You hit Crazy Yiuf. You drain Crazy Yiuf.
Crazy Yiuf is moderately wounded.
Crazy Yiuf hits you with a +4 quarterstaff of chaos!
You are electrocuted!
Crazy Yiuf hits you with a +4 quarterstaff of chaos!
You die...

######.##..........####.###.#
##.######.####.# #.#.#.#
#.^....##.# #.# #..#..#
#..######## ### #####.## #..#
#....# ##..###♣♣♣♣♣ ##.#.##
####...#.+).♣.♣♣♣ ### #...##
.............♣..♣#...# ##.##
####........♣♣♣♣@g...# #.#
###.))+)♣♣ ♣♣#..)# #.#
#.###♣♣ ### #.# #.# #.# #.#
#.# #.#### ### #.#
######....# #.# #.#
.....###### #.# #.# ####.#
#.# #.#


You could see Crazy Yiuf (very drained).

Vanquished Creatures
  2 adders (D:2)
  A worm (D:2)
  4 bats
  6 endoplasms
  A giant cockroach (D:1)
  3 goblins
  A hobgoblin (D:2)
  5 kobolds
  3 ball pythons (D:1)
  2 rats
28 creatures vanquished.

Notes
Turn   | Place    | Note
-------+----------+-------------------------------------------
     0 | D:1      | Nerdsrcool the Djinni Conjurer began the quest for the Orb.
     0 | D:1      | Nerdsrcool set off with the following spells memorised:
                  | Magic Dart, Searing Ray, Dazzling Flash, Fulminant Prism,
                  | Iskenderun's Mystic Blast.
     0 | D:1      | Reached XP level 1. HP: 15/15 MP: 0/0
   115 | D:1      | Found a faded altar of an unknown god.
   303 | D:1      | Reached XP level 2. HP: 18/21 MP: 0/0
   784 | D:2      | Reached XP level 3. HP: 23/25 MP: 0/0
   784 | D:2      | Learned a level 1 spell: Summon Small Mammal
   898 | D:2      | Reached skill level 4 in Spellcasting
  1285 | D:2      | Found a runed translucent door.
  1286 | D:2      | Noticed Crazy Yiuf
  1369 | D:2      | Reached XP level 4. HP: 28/31 MP: 0/0
  1552 | D:2      | Slain by Crazy Yiuf

Illustrated notes

Levels and vault maps discovered:
D:1:      lightli_arrival_chessboard, layout_loops_cross,
          shapermc_ecumenical_altar_starsandcircs
D:2:      layout_loops_ring, nrook_campfire, chequers_serial_rivers_small_a,
          uniq_crazy_yiuf_cottage

Skill      XL: |  1  2  3 |
---------------+----------+-----
Spellcasting   | 4 |  4.1
Dodging        | |  2.3
Stealth        | |  1.6

Action                   |  1- 3 |  4- 6 || total
-------------------------+-------+-------++-------
Melee: Hand axe          |     1 |     1 ||     2
 Cast: Magic Dart        |    63 |     1 ||    64
Dodge: Dodged            |     2 |       ||     2
Block: Buckler           |     1 |       ||     1

Table legend: (Time is in decaauts)
 A = Elapsed time spent in this place.
 B = Non-inter-level travel time spent in this place.
 C = Inter-level travel time spent in this place.
 D = Time resting spent in this place.
 E = Time spent auto-exploring this place.
 F = Levels seen in this place.
 G = Mean time per level.
                   A        B        C        D        E       F      G
               +--------+--------+--------+--------+--------+-----+--------+
         Total |   1551 |   1551 |      0 |      0 |   1388 |   2 |  775.5 |
       Dungeon |   1551 |   1551 |      0 |      0 |   1388 |   2 |  775.5 |
               +--------+--------+--------+--------+--------+-----+--------+

Top non-repeatable levels by time:
     D:2: 853 daAuts
     D:1: 697 daAuts
